[Event "Charlotte Spring GM-A 2024"]
[Site "Charlotte"]
[Date "2024.03.28"]
[Round "1.1"]
[White "Cruz, Cristhian"]
[Black "Wang, Tianqi"]
[Result "1-0"]
[ECO "A36"]
[WhiteElo "2487"]
[BlackElo "2344"]
[Annotator "TA"]
[PlyCount "87"]
[EventDate "2024.03.27"]
[EventType "tourn"]
[EventCountry "USA"]
[SourceTitle "playchess.com"]
[Source "ChessBase"]
[SourceQuality "1"]
[TimeControl "5400+30"]

1. c4 c5 2. Nc3 g6 3. g3 Bg7 4. Bg2 Nc6 5. d3 d6 6. e4 Nf6 7. Nge2 O-O 8. O-O Ne8 9. Be3 e5 10. f4 exf4 11. Nxf4 Nc7 {[%emt 0:00:00] The position is equal.} 12. Qd2 Rb8 13. h3 a6 14. Rf2 Be6 15. Raf1 Qd7 16. Kh2 b5 17. b3 Nd4 18. Nce2 Nxe2 19. Nxe2 Be5 20. Ng1 (20. Bh6 {is interesting.} Rfe8 21. Bg5 Rf8 22. Bf6) 20... Bg7 21. Nf3 a5 {[%emt 0:00:00] Black is on the road to losing.} 22. Qxa5 b4 {[%emt 0:00:00] [#]} (22... Ra8 $16 {is a better defense.} 23. Qd2 f6 24. cxb5 Qxb5) 23. e5 $1 $18 Rfc8 (23... dxe5 {might work better.} 24. Bxc5 (24. Qxc5 f6 $16) 24... Ra8 25. Qxb4 Na6) 24. exd6 Ra8 $2 (24... Ne8 {was called for.} 25. Bxc5 Nxd6) 25. Qxc5 {[%emt 0:02:14][%cal Of3e5] aiming for Ne5!} Nd5 (25... Ne8 $142) 26. cxd5 Rxc5 27. dxe6 ({Less strong is} 27. Bxc5 Bxd5 28. Re1 (28. Bxb4 Qb5 $11) 28... Bf8 $16) 27... Qxd6 28. exf7+ Kh8 29. Bxc5 Qxc5 {[%emt 0:00:05] [#]} 30. Ng5 $1 Rf8 (30... Qxg5 31. Bxa8) 31. Ne6 Qe5 32. Nxf8 Bxf8 33. Be4 Kg7 34. h4 Qd4 35. Kg2 {[%emt 0:00:28][%cal Oh4h5] And now h5! would win.} Qe3 36. Rf3 Qd4 {[%emt 0:00:14] [#]} 37. h5 $1 {[%emt 0:00:24] Intending Rf4 and mate.} gxh5 (37... Qe5 38. hxg6) 38. Rf5 {[%emt 0:03:25] White mates.} Qe3 39. R1f3 (39. Rxh5 $2 {too greedy.} Qe2+ 40. Rf2 Qxh5 $19) 39... Qd2+ 40. Rf2 Qh6 41. R2f4 Qg6 42. Rh4 Qa6 43. Rhxh5 h6 44. Rh4 {[%emt 0:00:27] Weighted Error Value: White=0.07 (flawless) /Black=0.48.  Mistake:       	---       	Black=4      Inaccurate:     	---       	Black=2      OK:         	White=5     	Black=6      Best:        	White=3     	---        Strong:       	White=1     	---} 1-0

[Event "Charlotte Spring GM-A 2024"]
[Site "Charlotte"]
[Date "2024.03.28"]
[Round "1.2"]
[White "Gauri, Shankar"]
[Black "Cordova, Emilio"]
[Result "1/2-1/2"]
[ECO "E15"]
[WhiteElo "2345"]
[BlackElo "2551"]
[Annotator "TA"]
[PlyCount "37"]
[EventDate "2024.03.27"]
[EventType "tourn"]
[EventCountry "USA"]
[SourceTitle "playchess.com"]
[Source "ChessBase"]
[SourceQuality "1"]
[TimeControl "5400+30"]

1. d4 Nf6 2. Nf3 e6 3. c4 b6 4. g3 Ba6 5. b3 Bb7 6. Bg2 Bb4+ 7. Bd2 a5 8. a3 Bxd2+ 9. Qxd2 d5 10. Ne5 {[%emt 0:08:41] White has an edge.} Nbd7 11. Nc3 O-O 12. O-O Re8 13. Rfd1 Qe7 14. Qf4 Rad8 15. e3 h6 16. h4 c6 17. Nxd7 Nxd7 18. cxd5 exd5 (18... cxd5 $11 19. Nb5 Nf6) 19. Qc7 {[%emt 0:01:59] Weighted Error Value: White=0.02 (flawless) /Black=0.13 (very precise) .  Mistake:       	---       	Black=1      Inaccurate:     	---       	Black=2      OK:         	White=7     	Black=1} 1/2-1/2

[Event "Charlotte Spring GM-A 2024"]
[Site "Charlotte"]
[Date "2024.03.28"]
[Round "1.3"]
[White "Tsay, Vincent"]
[Black "Homa, Seth"]
[Result "1/2-1/2"]
[ECO "A45"]
[WhiteElo "2337"]
[BlackElo "2234"]
[Annotator "RC"]
[PlyCount "136"]
[EventDate "2024.03.27"]
[EventType "tourn"]
[EventCountry "USA"]
[SourceTitle "playchess.com"]
[Source "ChessBase"]
[SourceQuality "1"]
[TimeControl "5400+30"]

1. d4 Nf6 2. Bf4 c5 3. e3 Qb6 4. Nc3 d6 5. Bb5+ Bd7 6. a4 a6 7. a5 Qc7 8. Bxd7+ Nbxd7 9. Nf3 g6 10. h3 Bg7 11. O-O O-O 12. Bg5 h6 13. Bh4 b5 14. axb6 Nxb6 15. dxc5 dxc5 16. Qe2 Nh5 17. g4 Nf6 18. Rxa6 Qb7 19. Rxa8 Rxa8 20. Nd2 Na4 21. Nxa4 Rxa4 22. b3 Ra2 23. Bxf6 Bxf6 24. Qd3 Qb4 25. Rd1 Qc3 26. Qxc3 Bxc3 27. Ne4 Rxc2 28. Nxc5 Rb2 29. Rd8+ Kg7 30. Rb8 Be5 31. Rb7 Bf6 32. Ne4 Bh4 33. Rb5 e6 34. Rb7 Kg8 35. Kg2 Kg7 36. b4 g5 37. b5 Kg6 38. Ng3 Kf6 39. Kf3 Bxg3 40. Kxg3 e5 41. b6 e4 42. Rb8 Rb3 43. b7 Kg7 44. f3 exf3 45. Kxf3 Rb4 46. Ke2 Rb3 47. Kd2 Rb2+ 48. Kc3 Rb1 49. Kc4 Rc1+ 50. Kd5 Rd1+ 51. Kc6 Rc1+ 52. Kd7 Rd1+ 53. Ke7 Rb1 54. e4 Rb2 55. e5 Rb1 56. e6 fxe6 57. Kxe6 Re1+ 58. Kd5 Rd1+ 59. Kc4 Rb1 60. Kc3 Rb6 61. Kd4 Rb1 62. Kc5 Rc1+ 63. Kb6 Rb1+ 64. Kc7 Rc1+ 65. Kd7 Rd1+ 66. Ke6 Re1+ 67. Kf5 Rf1+ 68. Ke4 Rb1 1/2-1/2

[Event "Charlotte Spring GM-A 2024"]
[Site "Charlotte"]
[Date "2024.03.28"]
[Round "1.4"]
[White "Putnam, Liam"]
[Black "Levine, Joseph"]
[Result "1-0"]
[ECO "E04"]
[WhiteElo "2323"]
[BlackElo "2372"]
[Annotator "RC"]
[PlyCount "133"]
[EventDate "2024.03.27"]
[EventType "tourn"]
[EventCountry "USA"]
[SourceTitle "playchess.com"]
[Source "ChessBase"]
[SourceQuality "1"]
[TimeControl "5400+30"]

1. d4 Nf6 2. c4 e6 3. g3 d5 4. Bg2 dxc4 5. Nf3 a6 6. O-O Nc6 7. e3 Bd7 8. Qe2 Bd6 9. Qxc4 O-O 10. Nbd2 Re8 11. Qe2 e5 12. dxe5 Bxe5 13. Nc4 Bd4 14. Nxd4 Nxd4 15. Qd3 Nc6 16. b3 b5 17. Nd2 Qe7 18. Qc3 b4 19. Qc2 Qe6 20. Bb2 Rac8 21. Rac1 Ne5 22. Rfd1 Bb5 23. Bxe5 Qxe5 24. Nf3 Qh5 25. Nd4 c5 26. Nf5 Re5 27. e4 Be2 28. Re1 Bf3 29. Bxf3 Qxf3 30. Re3 Qh5 31. f4 Re6 32. Rce1 g6 33. Nh4 c4 34. e5 Nd5 35. Re4 c3 36. Rd4 Ne7 37. Rxb4 Rec6 38. Rd4 Qg4 39. Red1 Qe6 40. Kg2 g5 41. Nf3 Nf5 42. R4d3 Qg6 43. Kf2 g4 44. Ng5 Nd4 45. Qc1 c2 46. R1d2 Ne6 47. Nxe6 Qxe6 48. Rd8+ Rxd8 49. Rxd8+ Kg7 50. Rd6 Qc8 51. Ke2 h6 52. Rxc6 Qxc6 53. Kd3 a5 54. Qxc2 Qd5+ 55. Kc3 Qc5+ 56. Kb2 Qd4+ 57. Qc3 Qf2+ 58. Ka3 Kg6 59. Qxa5 Qxh2 60. Qa6+ Kh7 61. Qf6 Qxg3 62. Qxf7+ Kh8 63. e6 Qc3 64. Qe8+ Kg7 65. Qd7+ Kg8 66. e7 Qc5+ 67. Ka4 1-0

[Event "Charlotte Spring GM-A 2024"]
[Site "Charlotte"]
[Date "2024.03.27"]
[Round "1.5"]
[White "Chen, Ryo"]
[Black "Ali Marandi, Cemil Can"]
[Result "1/2-1/2"]
[ECO "B15"]
[WhiteElo "2316"]
[BlackElo "2516"]
[Annotator "TA"]
[PlyCount "41"]
[EventDate "2024.03.27"]
[EventType "tourn"]
[EventCountry "USA"]
[SourceTitle "playchess.com"]
[Source "ChessBase"]
[SourceQuality "1"]
[TimeControl "5400+30"]

1. e4 c6 2. d4 d5 3. Nd2 dxe4 4. Nxe4 Nf6 5. Nxf6+ exf6 6. c3 Bd6 7. Bd3 O-O 8. Ne2 Re8 9. O-O Nd7 10. Bf4 Nf8 11. Qd2 {[%emt 0:01:23] White has an edge.} Ng6 {[%emt 0:00:00][%cal Oe8e2] [#] And now ...Rxe2! would win. The position is equal.} 12. Bxd6 Qxd6 13. Rfe1 Be6 14. Ng3 Re7 15. Nf5 Bxf5 16. Bxf5 Rae8 17. Rxe7 Rxe7 18. Bxg6 hxg6 19. Re1 Re6 20. Rxe6 Qxe6 21. b3 {[%emt 0:02:41] A rather calm draw.   Weighted Error Value: White=0.04 (flawless) /Black=0.00 (flawless) .  OK:         	White=4     	Black=4} 1/2-1/2

[Event "Charlotte Spring GM-A 2024"]
[Site "Charlotte"]
[Date "2024.03.28"]
[Round "2.1"]
[White "Wang, Tianqi"]
[Black "Ali Marandi, Cemil Can"]
[Result "0-1"]
[ECO "D34"]
[WhiteElo "2344"]
[BlackElo "2516"]
[Annotator "TA"]
[PlyCount "68"]
[EventDate "2024.03.27"]
[EventType "tourn"]
[EventCountry "USA"]
[SourceTitle "playchess.com"]
[Source "ChessBase"]
[SourceQuality "1"]
[TimeControl "5400+30"]

1. Nf3 d5 2. c4 e6 3. g3 Nf6 4. Bg2 Be7 5. O-O O-O 6. b3 c5 7. cxd5 exd5 8. d4 Nc6 9. Bb2 Re8 10. Nc3 Bg4 11. dxc5 Bxc5 12. Na4 Bf8 13. Rc1 Qe7 14. Re1 {[%emt 0:02:10] White is slightly better.} Rac8 15. h3 Bh5 16. Nd4 (16. Bxf6 $14 Qxf6 17. Qxd5 Bxf3 18. Qxf3 Qxf3 19. Bxf3) 16... Ne4 $11 17. Nxc6 bxc6 18. Qd4 Qg5 19. Rcd1 Rcd8 (19... f5 $15) 20. Bc1 $1 Qe7 21. Bxe4 dxe4 22. Qe3 f5 23. Kf1 Qf7 24. Bb2 Bb4 (24... Bd6 $142 25. Bc1 h6) 25. Bc3 ({Better is} 25. Rxd8 $11 Rxd8 26. Bc3) 25... Bd6 $15 {[%emt 0:01:54] Threatens to win with ...f4.} 26. Qd4 $1 e3 27. f3 $2 (27. f4 $11 {and White has nothing to worry.}) 27... Bc7 $2 ({And not} 27... Bxg3 28. Qxd8 Qg6 29. Qd7 $16) (27... Qc7 $19 {and Black stays clearly on top.} 28. Qh4 Bxg3) 28. Qh4 (28. Qc4 $17) 28... Rxd1 $19 {[%emt 0:00:36] Black is clearly winning.} 29. Rxd1 {[%emt 0:01:16] [#]} Bxf3 30. Nc5 (30. Rd4 Bd5) 30... Bd5 {[%emt 0:00:12] ...f4 is the strong threat. This pair of bishops is nice.} 31. Nd3 Re4 32. Nf4 h6 33. Rd4 Bxf4 ({Not} 33... g5 $2 34. Qxh6 Qh7 (34... gxf4 35. Rxe4) 35. Qxg5+ Kf8 36. Rxe4 fxe4 37. Nh5 $18) 34. gxf4 {[%emt 0:00:52] [#]} Qg6 $1 {[%emt 0:00:13] Weighted Error Value: White=0.71/Black=0.20 (precise) .  Loses game:     	White=2     	---        Missed win:     	---       	Black=1      Mistake:       	White=2     	Black=2      Inaccurate:     	White=3     	Black=3      OK:         	White=6     	Black=5      Best:        	---       	Black=2      Strong:       	White=2     	---        Brilliant:      	---       	Black=1} 0-1

[Event "Charlotte Spring GM-A 2024"]
[Site "Charlotte"]
[Date "2024.03.28"]
[Round "2.2"]
[White "Levine, Joseph"]
[Black "Chen, Ryo"]
[Result "1-0"]
[ECO "B57"]
[WhiteElo "2372"]
[BlackElo "2316"]
[Annotator "RC"]
[PlyCount "151"]
[EventDate "2024.03.27"]
[EventType "tourn"]
[EventCountry "USA"]
[SourceTitle "playchess.com"]
[Source "ChessBase"]
[SourceQuality "1"]
[TimeControl "5400+30"]

1. e4 c5 2. Nf3 d6 3. d4 cxd4 4. Nxd4 Nf6 5. Nc3 Nc6 6. Bc4 Qb6 7. Ndb5 a6 8. Be3 Qa5 9. Nd4 e6 10. Nxc6 bxc6 11. Qf3 Qc7 12. O-O-O Be7 13. g4 d5 14. Bb3 Bb7 15. g5 dxe4 16. Qe2 Nd5 17. Nxe4 c5 18. Ba4+ Bc6 19. Bxc6+ Qxc6 20. Qf3 O-O-O 21. Qxf7 Rd7 22. Qf3 Rf8 23. Qg4 Rfd8 24. Bd2 c4 25. Bc3 Qa4 26. Kb1 Bb4 27. Be5 Qc6 28. Rd4 Kb7 29. c3 Bxc3 30. bxc3 Nxc3+ 31. Nxc3 Qxh1+ 32. Kc2 Rxd4 33. Bxd4 g6 34. Bf6 Rd6 35. Be5 Rd7 36. Qxc4 Qc6 37. Qb4+ Qb6 38. Qxb6+ Kxb6 39. Ne4 Kb5 40. Nf6 Rb7 41. Kb3 Kc5+ 42. Kc3 a5 43. f4 a4 44. h4 Rf7 45. h5 gxh5 46. Nxh5 Kd5 47. Nf6+ Kc5 48. Kd3 Rb7 49. Bc3 a3 50. Bd4+ Kc6 51. Be5 Kc5 52. Kc3 Kc6 53. Bd4 Kd6 54. Kc2 Kc6 55. Kc3 Kd6 56. Kc4 Kc6 57. Ne4 Rb1 58. Bc3 Rf1 59. Be5 Rb1 60. Nd2 Rh1 61. Nb3 h6 62. Nd4+ Kd7 63. gxh6 Rxh6 64. Nb5 Rh2 65. Kb3 Kc6 66. Nd4+ Kd5 67. Kxa3 Rd2 68. Kb3 Rd1 69. a4 Rb1+ 70. Kc3 Ra1 71. Kb4 Ra2 72. Nb3 Kc6 73. a5 Kd5 74. Kb5 Ra3 75. Nd4 Ra1 76. Nc2 1-0

[Event "Charlotte Spring GM-A 2024"]
[Site "Charlotte"]
[Date "2024.03.28"]
[Round "2.3"]
[White "Homa, Seth"]
[Black "Putnam, Liam"]
[Result "0-1"]
[ECO "A26"]
[WhiteElo "2234"]
[BlackElo "2323"]
[Annotator "RC"]
[PlyCount "84"]
[EventDate "2024.03.27"]
[EventType "tourn"]
[EventCountry "USA"]
[SourceTitle "playchess.com"]
[Source "ChessBase"]
[SourceQuality "1"]
[TimeControl "5400+30"]

1. c4 e5 2. g3 Nc6 3. Bg2 g6 4. Nc3 Bg7 5. d3 Nge7 6. Rb1 a5 7. a3 O-O 8. b4 axb4 9. axb4 d6 10. b5 Nd4 11. e3 Ne6 12. Nge2 c6 13. O-O d5 14. bxc6 bxc6 15. cxd5 cxd5 16. Nb5 Qd7 17. Ba3 Bb7 18. Nec3 Rfd8 19. Qb3 Nf5 20. e4 dxe4 21. dxe4 Nfd4 22. Nxd4 exd4 23. Nd5 Ra7 24. Rfc1 h5 25. f4 Kh8 26. f5 gxf5 27. Qf3 Rxa3 28. Qxa3 fxe4 29. Nb6 Qe8 30. Qa7 Bc6 31. Qa5 d3 32. Qxh5+ Kg8 33. Nc4 Nd4 34. Rf1 e3 35. Bxc6 Nxc6 36. Qf3 e2 37. Rfe1 Ne5 38. Nxe5 Qxe5 39. Kg2 f5 40. Rb7 Qe4 41. Kf2 Bd4+ 42. Kg2 Bc3 0-1

[Event "Charlotte Spring GM-A 2024"]
[Site "Charlotte"]
[Date "2024.03.28"]
[Round "2.4"]
[White "Cordova, Emilio"]
[Black "Tsay, Vincent"]
[Result "1-0"]
[ECO "A11"]
[WhiteElo "2551"]
[BlackElo "2337"]
[Annotator "TA"]
[PlyCount "93"]
[EventDate "2024.03.27"]
[EventType "tourn"]
[EventCountry "USA"]
[SourceTitle "playchess.com"]
[Source "ChessBase"]
[SourceQuality "1"]
[TimeControl "5400+30"]

1. Nf3 d5 2. e3 Nf6 3. c4 c6 4. Nc3 a6 5. b3 Bg4 6. Bb2 e6 7. h3 Bh5 8. Rc1 {[%emt 0:00:00] The position is equal.} Nbd7 9. Be2 Bd6 10. d3 h6 11. O-O Qe7 12. d4 Bg6 13. Bd3 Ne4 (13... Bxd3 {simplifies} 14. Qxd3 Bb4 15. Ne2 Rd8) 14. Ne2 (14. Qc2 {simplifies} Nxc3 15. Bxc3 Bxd3 16. Qxd3 Nf6 17. Nd2) 14... Qf6 15. Ne1 Qh4 16. Nf3 Qf6 17. Qc2 Bf5 18. Ne1 h5 19. c5 Bc7 20. f3 Ng3 21. Nxg3 Bxg3 22. e4 Bg6 23. e5 Qg5 (23... Bxd3 $11 24. Nxd3 Qf5) 24. Bxg6 $14 fxg6 25. Nd3 O-O 26. Bc3 Qh4 27. Rcd1 g5 28. Nc1 {[%emt 0:00:18] Black must now prevent Ne2.} Rf5 (28... g4 $5 29. Qg6 Rxf3 30. gxf3 (30. Qxe6+ Kh8 $11) 30... Bh2+ (30... Nf8 $2 31. Qc2 $18) 31. Kxh2 Qxh3+ 32. Kg1 Qg3+ 33. Kh1 Qh3+ 34. Kg1 Qg3+ 35. Kh1 Qh3+ 36. Kg1 $11) 29. Ne2 {[%emt 0:00:43] Strongly threatening Rd3.} Raf8 $2 {[%emt 0:06:48] This costs Black the game.} (29... g4 $1 $14) 30. Qd3 g4 {[%emt 0:02:12] [#]} 31. f4 $1 gxh3 (31... Bxf4 32. Rxf4) 32. Qxg3 (32. Nxg3 Rxf4 33. Rxf4 Rxf4 $16) 32... Qxg3 33. Nxg3 Rxf4 34. Rxf4 (34. gxh3 Rh4 35. Kg2 Rxf1 36. Nxf1 (36. Rxf1 Nf8 $18) 36... g5) 34... Rxf4 35. gxh3 (35. Nxh5 Rh4 $18) 35... Rf3 36. Be1 ({Worse is} 36. Nxh5 g6 $11 (36... Rxc3 37. h4 $15)) 36... h4 37. Nf1 ({But not} 37. Kg2 Re3 38. Bf2 Rc3 $18) 37... Nf8 38. Bxh4 Rxh3 39. Bg3 Ng6 40. Kg2 Rh5 41. Ne3 Nh4+ 42. Bxh4 {[%emt 0:00:07] White is clearly winning.} Rxh4 43. Kg3 Re4 44. Kf3 {[%emt 0:00:21][%cal Oe3c4] And now Nc4! would win.} Kf7 {[%emt 0:00:05] [#]} (44... g5 $142 45. Ke2 Kf7 46. Rf1+ Ke7) 45. Nc4 $1 $18 {[%emt 0:00:34][%mdl 512] aiming for Nd6+.} Rh4 46. Nd6+ Ke7 47. Kg3 {[%emt 0:00:13] Weighted Error Value: White=0.07 (flawless) /Black=0.28 (precise) .  Loses game:     	---       	Black=1      Mistake:       	---       	Black=2      Inaccurate:     	White=1     	Black=3      OK:         	White=19    	Black=12     Best:        	White=3     	---        Brilliant:      	White=2     	---} 1-0

[Event "Charlotte Spring GM-A 2024"]
[Site "Charlotte"]
[Date "2024.03.28"]
[Round "2.5"]
[White "Cruz, Cristhian"]
[Black "Gauri, Shankar"]
[Result "1/2-1/2"]
[ECO "A50"]
[WhiteElo "2487"]
[BlackElo "2345"]
[Annotator "TA"]
[PlyCount "35"]
[EventDate "2024.03.27"]
[EventType "tourn"]
[EventCountry "USA"]
[SourceTitle "playchess.com"]
[Source "ChessBase"]
[SourceQuality "1"]
[TimeControl "5400+30"]

1. Nf3 Nf6 2. c4 b6 3. g3 Bb7 4. Bg2 g6 5. d4 Bg7 6. O-O O-O 7. d5 Na6 8. Nc3 Nc5 9. Re1 Nfe4 10. Nxe4 Nxe4 11. Qc2 f5 12. Ng5 Nc5 13. Be3 e5 14. dxe6 {[%emt 0:00:00] [#] Und Bxc5 würde nun gewinnen.} Bxg2 15. Kxg2 Nxe6 16. Nxe6 dxe6 17. Rad1 Qe8 18. b4 {[%emt 0:00:00] Gewichteter Fehlerwert: Weiß=0.05 (makellos) /Schwarz=0.10 (sehr präzise) .  Ungenau:       	Weiß=1     	---        OK:         	Weiß=5     	Schwarz=4     Bester:       	---       	Schwarz=1} 1/2-1/2

[Event "Charlotte Spring GM-A 2024"]
[Site "Charlotte"]
[Date "2024.03.29"]
[Round "3.2"]
[White "Tsay, Vincent"]
[Black "Cruz, Cristhian"]
[Result "0-1"]
[ECO "D02"]
[WhiteElo "2337"]
[BlackElo "2487"]
[Annotator "TA"]
[PlyCount "82"]
[EventDate "2024.03.27"]
[EventType "tourn"]
[EventCountry "USA"]
[SourceTitle "playchess.com"]
[Source "ChessBase"]
[SourceQuality "1"]
[TimeControl "5400+30"]

1. d4 e6 2. Bf4 d5 3. e3 Nf6 4. Nd2 Bd6 5. Ngf3 O-O 6. Bd3 c5 7. dxc5 Bxc5 8. Qe2 {[%emt 0:02:03] The position is equal.} Nc6 9. e4 (9. c4 $11) 9... e5 10. Nxe5 (10. Bg3 $11) 10... Nxe5 (10... Nd4 $17 11. Qd1 Bd6) 11. Bxe5 $11 Re8 (11... Ng4 $11 {deserves consideration.} 12. Bg3 f5) 12. Bxf6 $1 $14 Qxf6 13. O-O Qxb2 14. Qh5 Qe5 15. Qxe5 Rxe5 16. Nf3 Rh5 17. Rab1 Rb8 18. h3 dxe4 19. Bxe4 b6 20. Rfd1 {[%emt 0:00:47] [#] aiming for Rd8+.} Be6 21. a4 Kf8 22. Nd4 Bxd4 23. Rxd4 Rc8 24. Bd3 Rhc5 25. g4 h5 26. Kg2 Rd5 27. Rxd5 Bxd5+ $11 {[%emt 0:00:02][%mdl 4096] Endgame. KRB-KRB} 28. Kg3 hxg4 29. hxg4 Rc5 30. Rb4 g5 31. f4 f6 32. Kf2 Ke7 33. Ke3 Bc6 34. f5 Kd6 {[%emt 0:00:45] Black is more active.} 35. Kd2 Rd5 36. Kc3 Rc5+ 37. Kd2 $1 Ke5 38. Ke3 Rc3 39. Rb3 {[%emt 0:02:17][%mdl 8192] [#]} (39. Kd2 $15 Rc5 40. Be2) 39... Rxb3 $19 {[%emt 0:00:56] Black is clearly winning.} 40. cxb3 Bd5 41. b4 Bb3 {[%emt 0:00:10] Weighted Error Value: White=0.28 (precise) /Black=0.10 (very precise) .  Loses game:     	White=1     	---        Mistake:       	White=2     	Black=2      Inaccurate:     	White=1     	Black=2      OK:         	White=12    	Black=13     Best:        	---       	Black=1      Strong:       	White=2     	---} 0-1

[Event "Charlotte Spring GM-A 2024"]
[Site "Charlotte"]
[Date "2024.03.29"]
[Round "3.3"]
[White "Putnam, Liam"]
[Black "Cordova, Emilio"]
[Result "1/2-1/2"]
[ECO "A90"]
[WhiteElo "2323"]
[BlackElo "2551"]
[Annotator "TA"]
[PlyCount "60"]
[EventDate "2024.03.27"]
[EventType "tourn"]
[EventCountry "USA"]
[SourceTitle "playchess.com"]
[Source "ChessBase"]
[SourceQuality "1"]
[TimeControl "5400+30"]

1. d4 e6 2. c4 f5 3. g3 Nf6 4. Bg2 Bb4+ 5. Bd2 Qe7 6. Nc3 O-O 7. Nf3 d6 8. a3 Bxc3 9. Bxc3 Ne4 10. Rc1 Nd7 11. O-O Ndf6 12. Be1 b6 13. Nd2 Bb7 14. f3 Nxd2 15. Qxd2 e5 16. dxe5 dxe5 17. Bf2 Rad8 18. Qc3 e4 19. Rfd1 c5 20. Be3 Rfe8 {[%emt 0:11:56] [#] White must now prevent ...Rxd1+.} 21. Bg5 exf3 22. exf3 Rxd1+ 23. Rxd1 Qe2 (23... Kf7 {simplifies} 24. Qd3 Qe2 25. Qxe2 Rxe2 26. Bd2 h6) 24. Rd2 Qe1+ 25. Bf1 Bc6 26. Bxf6 (26. Rd3 {simplifies} Qxc3 27. Rxc3 Kf7 28. Kf2) 26... gxf6 {[%emt 0:00:22] The position is equal.} 27. Rd8 Qxc3 28. Rxe8+ Bxe8 29. bxc3 f4 30. gxf4 f5 {[%emt 0:01:39] Not much happened in this game.   Weighted Error Value: White=0.06 (flawless) /Black=0.02 (flawless) .  Inaccurate:     	White=1     	---        OK:         	White=7     	Black=10} 1/2-1/2

[Event "Charlotte Spring GM-A 2024"]
[Site "Charlotte"]
[Date "2024.03.29"]
[Round "3.4"]
[White "Chen, Ryo"]
[Black "Homa, Seth"]
[Result "1-0"]
[ECO "C77"]
[WhiteElo "2316"]
[BlackElo "2234"]
[Annotator "RC"]
[PlyCount "75"]
[EventDate "2024.03.27"]
[EventType "tourn"]
[EventCountry "USA"]
[SourceTitle "playchess.com"]
[Source "ChessBase"]
[SourceQuality "1"]
[TimeControl "5400+30"]

1. e4 e5 2. Nf3 Nc6 3. Bb5 a6 4. Ba4 Nf6 5. Nc3 d6 6. Bxc6+ bxc6 7. d4 Nd7 8. Be3 Be7 9. dxe5 dxe5 10. Qe2 Bd6 11. Qc4 Rb8 12. b3 Rb4 13. Qe2 O-O 14. O-O a5 15. Nd2 Nc5 16. Rfd1 Ba6 17. Qe1 Ne6 18. Nf3 Qe7 19. a3 Rbb8 20. Ne2 Kh8 21. Ng3 g6 22. Qxa5 Bc8 23. Qc3 Ng7 24. b4 Bg4 25. Bh6 Rg8 26. h3 Bd7 27. Be3 f5 28. Bc5 f4 29. Nf1 g5 30. N1h2 h5 31. Qd3 Ne8 32. Nxe5 Bxc5 33. Nxd7 Ba7 34. Nxb8 g4 35. hxg4 Qh4 36. Qh3 Qxf2+ 37. Kh1 Nf6 38. e5 1-0